 Dungeon Crawl Stone Soup version 0.25-a0-435-g4b9beb1024 (webtiles) character file.

Game seed: 16341946304108682312, levelgen mode: deterministic

102623 Kohma the Cleaver (level 15, -8/126 HPs)
             Began as a Demonspawn Necromancer on Jan 28, 2020.
             Was the Champion of Kikubaaqudgha.
             Blown up by an orb spider (26 damage)
             ... with an orb of destruction
             ... on level 4 of the Spider Nest.
             The game lasted 01:56:00 (30819 turns).

Kohma the Cleaver (Demonspawn Necromancer)         Turns: 30819, Time: 01:56:00

Health: -8/126     AC: 16    Str: 15    XL:     15   Next: 86%
Magic:  0/36       EV: 28    Int: 20    God:    Kikubaaqudgha [******]
Gold:   1973       SH:  5    Dex: 14    Spells: 3/31 levels left

rFire    + . .     SeeInvis +   a - +3 war axe "Witytuj" {drain, rElec MR+ Str+4 SInv}
rCold    . . .     Gourm    .   O - +0 buckler
rNeg     . . .     Faith    .   s - +4 ring mail
rPois    +         Spirit   +   (helmet restricted)
rElec    +         Reflect  .   C - scarf {cloud immunity}
rCorr    +         Harm     .   N - +0 pair of gloves of Adyepuwu {rPois MP+9}
MR       ++...                  E - +0 pair of boots
Stlth    +.........             X - amulet of the acrobat
HPRegen  0.31/turn              D - ring of protection from fire
MPRegen  0.50/turn              n - ring of resist corrosion

@: acrobat, very slightly contaminated
A: horns 1, molten scales 2, robust 1, spiny 2, magic shield, magic
regeneration, magic link
a: Receive Corpses, Torment, Brand Weapon With Pain, Receive Necronomicon,
Renounce Religion


You were on level 4 of the Spider Nest.
You worshipped Kikubaaqudgha.
Kikubaaqudgha was exalted by your worship.
You were not hungry.

You visited 5 branches of the dungeon, and saw 25 of its levels.

You collected 2480 gold pieces.
You spent 507 gold pieces at shops.

Inventory:

Hand Weapons
 a - the +3 war axe "Witytuj" (weapon) {drain, rElec MR+ Str+4 SInv}
   (You found it on level 10 of the Dungeon)

   A truly terrible weapon, it drains the life of those it strikes.
   It affects your strength (+4).
   It insulates you from electricity.
   It affects your resistance to hostile enchantments.
   It lets you see invisible.
 b - the +7 trident of Grontol {antimagic, rPois rF+}
   (You found it on level 2 of the Lair of Beasts)

   It reduces the magical energy of the wielder, and disrupts the spells and
   magical abilities of those hit.
   Natural abilities and divine invocations are not affected.
   It protects you from fire.
   It protects you from poison.
 m - a +3 demon trident of venom
Armour
 s - a +4 ring mail (worn)
 C - a scarf of cloud immunity (worn)
 E - a +0 pair of boots (worn)
 G - a +0 large shield
 N - the +0 pair of gloves of Adyepuwu (worn) {rPois MP+9}
   (You bought it in a shop on level 10 of the Dungeon)

   It protects you from poison.
   It affects your magic capacity (+9).
   If you remove this armour, your AC will fall 1 point (16 -> 15)
 O - a +0 buckler (worn)
Jewellery
 e - an uncursed ring of poison resistance
 n - a ring of resist corrosion (right hand)
 o - an uncursed ring of ice
 p - an uncursed ring of positive energy
 A - an uncursed ring of fire
 D - a ring of protection from fire (left hand)
 T - an uncursed ring of protection from cold
 W - an uncursed ring of flight
 X - an amulet of the acrobat (around neck)
Wands
 i - a wand of flame (35)
 w - a wand of scattershot (6)
 z - a wand of clouds (16)
 F - a wand of iceblast (15)
 K - a wand of enslavement (9)
 M - a wand of paralysis (10)
 Q - a wand of disintegration (31)
 V - a wand of acid (7)
Scrolls
 j - 12 scrolls of teleportation
 k - 3 scrolls of fog
 t - 10 scrolls of remove curse
 B - 3 scrolls of fear
 I - 2 scrolls of enchant armour
 J - a scroll of enchant weapon
 L - 2 scrolls of magic mapping
Potions
 d - 5 potions of ambrosia
 f - 3 potions of brilliance
 g - a potion of agility
 h - 3 potions of flight
 l - 3 potions of cancellation
 q - 9 potions of curing
 r - 3 potions of resistance
 u - 5 potions of haste
 P - 3 potions of magic {unknown}
 R - 3 potions of might {unknown}
 Y - a potion of mutation {unknown}
Miscellaneous
 y - a phantom mirror
 H - 2 sacks of spiders
Comestibles
 c - 28 rations


   Skills:
 + Level 9.6 Fighting
   Level 7.7 Long Blades
 * Level 13.4 Axes
 - Level 8.0 Armour
 + Level 5.2 Dodging
 - Level 1.7 Stealth
 - Level 4.0 Shields
 + Level 8.7 Spellcasting
 - Level 2.0 Conjurations
 - Level 11.0 Necromancy
 - Level 6.0 Earth Magic
 - Level 6.0 Poison Magic
 - Level 10.0 Evocations


You had 3 spell levels left.
You knew the following spells:

 Your Spells              Type           Power        Failure   Level  Hunger
a - Borgnjor's Vile Clut  Necr/Erth      #####.....   12%         5    #####..
c - Vampiric Draining     Necr           ######....   1%          3    None
d - Animate Dead          Necr           N/A          1%          4    ###....
e - Agony                 Necr           ######..     4%          5    #####..
f - Dispel Undead         Necr           ######..     1%          4    ###....
g - Olgreb's Toxic Radia  Pois           ####....     12%         4    ###....
h - Mephitic Cloud        Conj/Pois/Air  ###.....     14%         3    None

Your spell library contained the following spells:

 Spells                   Type           Power        Failure   Level  Hunger
 Animate Skeleton         Necr           N/A          1%          1    None
 Pain                     Necr           ####         1%          1    None
 Sublimation of Blood     Necr           ######....   1%          2    None
 Sting                    Tmut/Pois      ###.         4%          1    None
 Poisonous Vapours        Pois/Air       ###...       6%          2    None
 Foxfire                  Conj/Fire      ##..         9%          1    None
 Spider Form              Tmut/Pois      ###.......   12%         3    None
 Apportation              Tloc           #.....       14%         1    None
 Beastly Appendage        Tmut           #.....       14%         1    None
 Corona                   Hex            #......      14%         1    None
 Infusion                 Chrm           #...         14%         1    None
 Summon Small Mammal      Summ           #...         14%         1    None
 Ignite Poison            Fire/Tmut/Pois ###.....     19%         3    None
 Call Imp                 Summ           #.......     21%         2    None
 Ensorcelled Hibernation  Hex/Ice        #.....       21%         2    None
 Shroud of Golubria       Chrm/Tloc      #.....       21%         2    None
 Song of Slaying          Chrm           #.......     21%         2    None
 Sticks to Snakes         Tmut           #.......     21%         2    None
 Conjure Flame            Conj/Fire      ##......     26%         3    None
 Dazzling Flash           Conj/Hex       ##....       26%         3    None
 Call Canine Familiar     Summ           #.......     38%         3    None
 Confusing Touch          Hex            #.......     38%         3    None
 Inner Flame              Hex/Fire       #.......     38%         3    None
 Ozocubu's Armour         Chrm/Ice       #.......     38%         3    None
 Spectral Weapon          Hex/Chrm       #.......     38%         3    None
 Summon Guardian Golem    Hex/Summ       #.......     38%         3    None
 Tukima's Dance           Hex            #.......     38%         3    None
 Excruciating Wounds      Chrm/Necr      ####......   36%         5    #####..
 Sticky Flame             Conj/Fire      ##......     65%         4    ###....
 Ice Form                 Ice/Tmut       #.......     80%         4    ###....
 Summon Ice Beast         Ice/Summ       #.......     80%         4    ###....
 Summon Lightning Spire   Summ/Air       #.......     80%         4    ###....
 Fireball                 Conj/Fire      ##........   94%         5    #####..
 Blade Hands              Tmut           #.........   98%         5    #####..


Dungeon Overview and Level Annotations

Branches:
Dungeon (12/15)            Temple (1/1) D:5            Lair (6/6) D:11
 Shoals (0/4) Lair:3       Spider (4/4) Lair:4        Slime (0/5) Lair:6
    Orc (2/2) D:11            Elf (0/3) Orc:2

Altars:
Ashenzari
Cheibriados
Dithmenos
Elyvilon
Fedhas
Gozag
Hepliaklqana
Kikubaaqudgha
Makhleb
Nemelex Xobeh
Okawaru
Qazlal
Ru
Sif Muna
Trog
Uskayaw
Vehumet
Wu Jian
Xom
Yredelemnul
Zin
The Shining One
Beogh
Jiyva

Shops:
D:9 =   D:10 [   Orc:2 [*=[[

Annotations:
D:5 2 transporters, MirrMurr's ghost, novice SpEn
Orc:2 2 transporters, topfpfpflanze's ghost, journeyman OpFi


Innate Abilities, Weirdness & Mutations

You have a pair of small horns on your head.
You are mostly covered in molten scales. (AC +3)
You are robust. (+10% HP)
You are mostly covered in sharp spines.
When hurt, damage is shared between your health and your magic reserves.
You regenerate magic rapidly.
When low on magic, you restore magic in place of health.


Message History

Your wolf spider zombie hits the redback but does no damage.
Your wolf spider zombie barely misses the redback.
The redback bites your wolf spider zombie!
Your wolf spider zombie hits the redback!!
Your wolf spider zombie bites the redback!
The redback barely misses your wolf spider zombie.
You see here an orb spider corpse.
The orb spider weaves a glowing orb of energy.
Something barely misses your wolf spider zombie.
Your wolf spider zombie is caught in a web!
An orb of destruction comes into view.
Your wolf spider zombie struggles to get unstuck from the web.
The orb spider pulsates with a strange energy.
Your wolf spider zombie struggles to get unstuck from the web.
The redback bites your wolf spider zombie!
Your wolf spider zombie pulls away from the web.
Something bites your wolf spider zombie!
The orb of destruction hits you!!!
You die...
Kikubaaqudgha rasps: "You have failed me!
Welcome... death!"

####.......^.○..##
#####.###.........##<.
##^##.^........#..^..°.
#..#..............^.##.
#..#..#....##.....#...○
##.^..............#....
##^...#...##.....#....
######.....#...#.^#..Z#..
#..^.#..@☼☼.†....^#.^....
####.....#...#☼...Zs.#......
#^.#..^.<#....^°○.#.†.......
#.^###^.^#..##.y°s^......##
#.................#†...#..#
###......#...............#..#
##^#.##.........###.##....#..#
#.....^...................# ..
##.............#..............


You could see an orb spider, a hornet and a friendly wolf spider zombie.

Vanquished Creatures
  Frances (Spider:2)
  Louise (Spider:2)
  3 emperor scorpions
  Nessos (Lair:6)
  A dire elephant (Lair:6)
  2 entropy weavers (Spider:1)
  A spark wasp (Spider:2)
  4 ogre magi (Orc:2)
  Harold (Lair:1)
  4 hydras
  12 two-headed ogres
  A queen ant (Lair:2)
  A deep troll shaman (Lair:6)
  3 death yaks (Lair:6)
  An orc high priest (D:11)
  Sonja (Lair:1)
  An unseen horror (D:10)
  2 oklob plants (Lair:6)
  12 orb spiders
  3 orc knights
  2 cyclopes
  18 wolf spiders
  9 elephants
  A black mamba (Lair:6)
  Maurice (D:10)
  2 rime drakes
  9 spiny frogs
  Maggie (D:10)
  5 komodo dragons
  8 demonic crawlers
  A troll (Orc:1)
  A queen bee (D:9)
  19 jumping spiders
  A hornet (Spider:1)
  Prince Ribbit (D:5)
  2 polar bears (Lair:6)
  15 blink frogs
  3 slime creatures (D:12)
  10 hippogriffs
  41 redbacks
  19 tarantellas
  A wyvern (Lair:4)
  2 wraiths (D:11)
  27 yaks
  2 basilisks
  2 vampire mosquitoes (D:12)
  4 wargs
  19 soldier ants (Lair:2)
  14 water moccasins
  9 porcupines
  4 ice beasts
  A black bear (Lair:2)
  17 orc warriors
  4 sky beasts
  A necrophage (D:11)
  5 phantoms
  25 ogres
  An eye of draining (D:8)
  26 wolves
  15 centaurs
  9 crocodiles
  16 bullfrogs
  29 killer bees
  A troll zombie (D:11)
  5 scorpions
  4 wights (D:12)
  3 howler monkeys
  2 electric eels
  4 crimson imps
  A centaur zombie (D:12)
  9 jellies
  A quasit (D:7)
  3 bullfrog zombies
  A bullfrog skeleton (D:12)
  9 hounds
  2 centaur skeletons
  10 orc priests
  12 orc wizards
  4 iguanas
  23 worker ants
  5 ogre zombies (D:11)
  A mummy (D:4)
  A howler monkey skeleton (D:7)
  11 adders
  An adder skeleton (D:5)
  5 worms
  4 dart slugs
  2 leopard geckos
  70 orcs
  4 giant cockroaches
  8 hobgoblins
  13 jackals
  9 quokkas
  A ball python (D:4)
  13 bats
  4 frilled lizards
  12 goblins
  A goblin skeleton (D:11)
  2 goblin zombies (D:11)
  A hobgoblin skeleton (D:11)
  3 hobgoblin zombies (D:11)
  8 kobolds
  A leopard gecko zombie (D:6)
  2 orc skeletons (D:11)
  9 orc zombies (D:11)
  A quokka skeleton (D:9)
  A quokka zombie (D:9)
  5 rats
  2 fungi (Lair:6)
  2 plants (Lair:6)
754 creatures vanquished.

Vanquished Creatures (collateral kills)
  An entropy weaver (Spider:4)
  A two-headed ogre (Orc:2)
  A catoblepas (Lair:6)
  A wolf spider (Spider:1)
  An ugly thing (D:11)
  An orb spider (Spider:2)
  2 elephants (Lair:6)
  3 spiny frogs
  A komodo dragon (Lair:5)
  A demonic crawler (Spider:3)
  3 jumping spiders
  A hornet (D:12)
  2 blink frogs (Lair:5)
  A slime creature (D:12)
  3 redbacks
  A yak (D:9)
  2 tarantellas
  A soldier ant (Lair:2)
  2 porcupines
  A black bear (Lair:6)
  An ice beast (D:5)
  5 ogres
  5 wolves (Lair:3)
  A centaur (D:11)
  A crocodile (Lair:5)
  2 bullfrogs (Lair:3)
  A water moccasin zombie (D:12)
  3 killer bees (D:9)
  A centaur zombie (D:11)
  An orc priest (Orc:1)
  2 hounds
  A centaur skeleton (D:5)
  A worker ant (D:5)
  A howler monkey skeleton (D:11)
  4 adders
  A shadow imp (D:9)
  An adder skeleton (D:2)
  A worm (D:3)
  2 orcs
  2 jackals
  A frilled lizard (D:2)
  An orc zombie (D:11)
  3 fungi (Lair:6)
  3 plants (Lair:6)
75 creatures vanquished.

Vanquished Creatures (others)
  A redback (Spider:4)
  5 fungi
  10 plants
16 creatures vanquished.

Grand Total: 845 creatures vanquished

Notes
Turn   | Place    | Note
-------+----------+-------------------------------------------
     0 | D:1      | Kohma the Demonspawn Necromancer began the quest for the
                  | Orb.
     0 | D:1      | Reached XP level 1. HP: 13/13 MP: 3/3
   400 | D:1      | Gained mutation: When hurt, damage is shared between your
                  | health and your magic reserves. [demonic ancestry]
   400 | D:1      | Reached XP level 2. HP: 16/19 MP: 0/5
   403 | D:1      | Learned a level 1 spell: Animate Skeleton
  1371 | D:1      | Reached skill level 5 in Necromancy
  1371 | D:1      | Gained mutation: You are partially covered in molten
                  | scales. (AC +2) [demonic ancestry]
  1371 | D:1      | Reached XP level 3. HP: 20/24 MP: 0/7
  1376 | D:1      | Learned a level 3 spell: Vampiric Draining
  2041 | D:2      | Gained mutation: You regenerate magic rapidly. [demonic
                  | ancestry]
  2041 | D:2      | Reached XP level 4. HP: 17/30 MP: 0/8
  2076 | D:2      | Found a shimmering blue altar of Sif Muna.
  2076 | D:2      | Found a stormy altar of Qazlal.
  2076 | D:2      | Found a burning altar of Makhleb.
  2919 | D:3      | Learned a level 4 spell: Animate Dead
  2965 | D:3      | Gained mutation: You are partially covered in sharp spines.
                  | [demonic ancestry]
  2965 | D:3      | Reached XP level 5. HP: 9/35 MP: 0/10
  3938 | D:4      | Reached XP level 6. HP: 35/41 MP: 9/12
  3947 | D:4      | Found a snail-covered altar of Cheibriados.
  4217 | D:4      | Found a radiant altar of Vehumet.
  4253 | D:4      | Reached skill level 1 in Armour
  4582 | D:5      | Entered Level 5 of the Dungeon
  4654 | D:5      | Reached XP level 7. HP: 36/46 MP: 8/13
  4751 | D:5      | Found a staircase to the Ecumenical Temple.
  4781 | Temple   | Entered the Ecumenical Temple
  4798 | Temple   | Became a worshipper of Kikubaaqudgha
  4934 | D:5      | Noticed MirrMurr's ghost (novice SpEn)
  4938 | D:5      | Noticed Prince Ribbit
  4939 | D:5      | Found a transporter.
  4963 | D:5      | Killed Prince Ribbit
  5040 | D:5      | Reached skill level 5 in Spellcasting
  5050 | D:5      | Reached XP level 8. HP: 43/52 MP: 10/15
  5148 | D:5      | Found a transporter.
  5217 | D:5      | Found a stormy altar of Qazlal.
  5378 | D:5      | Learned a level 5 spell: Agony
  5536 | D:6      | Reached * piety under Kikubaaqudgha
  5536 | D:6      | Identified Kikubaaqudgha's Tome of Unholy Arts
                  | (Kikubaaqudgha gifted it to you on level 6 of the Dungeon)
  5536 | D:6      | Received a gift from Kikubaaqudgha
  5536 | D:6      | Reached skill level 1 in Fighting
  5580 | D:6      | Found a sacrificial altar of Ru.
  6147 | D:6      | Reached skill level 10 in Necromancy
  6208 | D:6      | Found a glowing golden altar of the Shining One.
  6210 | D:6      | Found a basalt altar of Yredelemnul.
  6210 | D:6      | Found a snail-covered altar of Cheibriados.
  6212 | D:6      | Found a glowing golden altar of the Shining One.
  6212 | D:6      | Found a shimmering altar of Xom.
  6212 | D:6      | Found a sacrificial altar of Ru.
  6617 | D:7      | Reached XP level 9. HP: 20/64 MP: 0/16
  6920 | D:7      | Reached skill level 5 in Armour
  7050 | D:7      | Found a glowing golden altar of the Shining One.
  7057 | D:7      | Got a crude scale mail
  7136 | D:7      | Identified the cursed +0 scale mail of Miracles {rF+} (You
                  | found it on level 7 of the Dungeon)
  7377 | D:8      | Reached skill level 1 in Long Blades
  8193 | D:9      | Reached ** piety under Kikubaaqudgha
  8203 | D:9      | Reached skill level 5 in Fighting
  8300 | D:9      | Gained mutation: You have a pair of small horns on your
                  | head. [demonic ancestry]
  8300 | D:9      | Reached XP level 10. HP: 27/74 MP: 12/19
  9026 | D:9      | Reached skill level 5 in Long Blades
  9037 | D:9      | Reached *** piety under Kikubaaqudgha
  9037 | D:9      | Identified Kikubaaqudgha's Catalogue of Evil (Kikubaaqudgha
                  | gifted it to you on level 9 of the Dungeon)
  9037 | D:9      | Received a gift from Kikubaaqudgha
  9050 | D:9      | Learned a level 4 spell: Dispel Undead
  9651 | D:9      | Found Woh Atze's Jewellery Emporium.
  9775 | D:10     | Entered Level 10 of the Dungeon
  9806 | D:10     | Killed an unseen horror
  9837 | D:10     | Got a twisted war axe
  9860 | D:10     | Noticed Maggie
  9883 | D:10     | Killed Maggie
 10246 | D:10     | Found Sinufiej's Armour Shoppe.
 10249 | D:10     | Noticed Maurice
 10259 | D:10     | Killed Maurice
 10306 | D:10     | Bought the +0 pair of gloves of Adyepuwu {rPois MP+9} for
                  | 449 gold pieces
 10306 | D:10     | Bought a +0 buckler for 58 gold pieces
 10651 | D:11     | Noticed a two-headed ogre
 10658 | D:11     | Killed a two-headed ogre
 10658 | D:11     | Gained mutation: You are mostly covered in sharp spines.
                  | [demonic ancestry]
 10658 | D:11     | Reached XP level 11. HP: 78/83 MP: 19/21
 10714 | D:11     | Noticed a purple ugly thing
 10724 | D:11     | Reached **** piety under Kikubaaqudgha
 10754 | D:11     | Killed a purple ugly thing
 11019 | D:11     | Found a staircase to the Lair.
 11025 | D:11     | Identified the cursed +3 war axe "Witytuj" {drain, rElec
                  | MR+ Str+4 SInv} (You found it on level 10 of the Dungeon)
 11094 | D:11     | Found a staircase to the Orcish Mines.
 11124 | D:11     | Reached ***** piety under Kikubaaqudgha
 11294 | D:11     | Reached skill level 1 in Axes
 11301 | D:11     | Reached skill level 1 in Shields
 11623 | D:11     | Learned a level 4 spell: Olgreb's Toxic Radiance
 12087 | D:12     | Found a viscous altar of Jiyva.
 12129 | D:12     | Reached skill level 1 in Poison Magic
 12247 | D:12     | Reached skill level 2 in Axes
 12531 | D:12     | Learned a level 5 spell: Borgnjor's Vile Clutch
 12716 | D:12     | Found a sparkling altar of Nemelex Xobeh.
 12722 | D:12     | Reached skill level 3 in Axes
 13052 | Lair:1   | Entered Level 1 of the Lair of Beasts
 13111 | Lair:1   | Reached skill level 1 in Earth Magic
 13120 | Lair:1   | You fall into a shaft and drop 1 floor!
 13124 | Lair:2   | Got a fine trident
 13125 | Lair:2   | Identified the +7 trident of Grontol {antimagic, rPois rF+}
                  | (You found it on level 2 of the Lair of Beasts)
 13184 | Lair:2   | You fall into a shaft and drop 1 floor!
 13195 | Lair:3   | Gained mutation: You are mostly covered in molten scales.
                  | (AC +3) [demonic ancestry]
 13195 | Lair:3   | Reached XP level 12. HP: 86/92 MP: 24/24
 13733 | Lair:3   | Reached skill level 1 in Evocations
 13736 | Lair:3   | Reached ****** piety under Kikubaaqudgha
 13965 | Lair:3   | Found a staircase to the Shoals.
 14391 | Lair:2   | Noticed a queen ant
 14409 | Lair:2   | Killed a queen ant
 14433 | Lair:2   | Reached skill level 5 in Poison Magic
 14435 | Lair:2   | Reached skill level 4 in Axes
 15316 | Lair:1   | Noticed Harold
 15343 | Lair:1   | Killed Harold
 15709 | Lair:1   | Noticed a four-headed hydra
 15725 | Lair:1   | Killed an 11-headed hydra
 16004 | Lair:1   | Noticed Sonja
 16035 | Lair:1   | Killed Sonja
 16035 | Lair:1   | Reached skill level 5 in Axes
 16712 | Lair:4   | Found a hole to the Spider Nest.
 16747 | Lair:4   | Reached XP level 13. HP: 86/98 MP: 4/25
 16911 | Lair:4   | Reached skill level 5 in Earth Magic
 17651 | Lair:5   | Reached skill level 5 in Evocations
 18078 | Lair:5   | Reached skill level 6 in Axes
 18536 | Lair:6   | Entered Level 6 of the Lair of Beasts
 18782 | Lair:6   | Reached skill level 7 in Axes
 18805 | Lair:6   | Noticed Nessos
 18824 | Lair:6   | Killed Nessos
 18893 | Lair:6   | Found a staircase to the Slime Pits.
 18969 | Lair:6   | Reached skill level 8 in Axes
 19133 | Lair:6   | Noticed a dire elephant
 19232 | Lair:6   | Killed a dire elephant
 19647 | Lair:6   | Gained mutation: When low on magic, you restore magic in
                  | place of health. [demonic ancestry]
 19647 | Lair:6   | Reached XP level 14. HP: 105/105 MP: 26/26
 20045 | Lair:6   | Reached skill level 9 in Axes
 20697 | Orc:1    | Entered Level 1 of the Orcish Mines
 21148 | Orc:1    | Found a roughly hewn altar of Beogh.
 21258 | Orc:2    | Entered Level 2 of the Orcish Mines
 22445 | Orc:2    | Found Juggon's Armour Shop.
 22452 | Orc:2    | Found a transporter.
 22455 | Orc:2    | Found a staircase to the Elven Halls.
 22511 | Orc:2    | Found a transporter.
 22512 | Orc:2    | Noticed topfpfpflanze's ghost (journeyman OpFi)
 22541 | Orc:2    | Reached skill level 10 in Evocations
 22551 | Orc:2    | Reached skill level 10 in Axes
 22974 | Orc:2    | Reached skill level 11 in Axes
 23382 | Orc:2    | Found Ebicuef's Armour Shop.
 23382 | Orc:2    | Found Aptaler's General Store.
 23383 | Orc:2    | Found Qybleg's Antique Armour Shoppe.
 23383 | Orc:2    | Found Zaetas's Jewellery Shop.
 24866 | Spider:1 | Entered Level 1 of the Spider Nest
 25955 | Spider:1 | Noticed an entropy weaver
 25970 | Spider:1 | Killed an entropy weaver
 26312 | Spider:1 | Reached skill level 12 in Axes
 26546 | Spider:2 | Gained mutation: You are robust. (+10% HP) [demonic
                  | ancestry]
 26546 | Spider:2 | Reached XP level 15. HP: 82/122 MP: 27/27
 26579 | Spider:2 | Noticed Louise
 26607 | Spider:2 | Killed Louise
 27993 | Spider:1 | Learned a level 3 spell: Mephitic Cloud
 28058 | Spider:2 | Noticed Frances
 28258 | Spider:2 | Killed Frances
 28702 | Spider:2 | Reached skill level 1 in Conjurations
 29359 | Spider:3 | Reached skill level 13 in Axes
 30407 | Spider:4 | Entered Level 4 of the Spider Nest
 30431 | Spider:4 | Reached skill level 5 in Dodging
 30819 | Spider:4 | Blown up by an orb spider

Levels and vault maps discovered:
D:1:      saegor_arrival_simple_c, layout_basic
D:2:      lemuel_upstairs_altar, layout_basic,
          gammafunk_temple_overflow_forgotten
D:3:      layout_basic, feat_on_display
D:4:      layout_cave_pods, vehumet_crystals, first_ration, chei_slow_surprise
D:5:      layout_cave_pools, minmay_temple_entry_steel_oval,
          gammafunk_ghost_stat_death, nicolae_qazlal_eye_of_the_storm,
          uniq_prince_ribbit1
D:6:      layout_cave_pods, nicolae_overflow_crystal_walls, doesnt_xom_only_xom
D:7:      layout_basic, basic_altar
D:8:      layout_cave_pools
D:9:      layout_roguey, serial_shops, nicolae_shop_trees, david_nohive_1
D:10:     layout_rooms, serial_shops, shop, uniq_maggie, uniq_maurice
D:11:     layout_irregular_city, minmay_lair_entry_grove, zombieorc1_lemuel
D:12:     layout_loops_cross, basic_altar, jiyva_altar_1
Temple:   nicolae_temple_elliptical
Lair:1:   layout_loops_ring, uniq_sonja, uniq_harold
Lair:2:   layout_roguey, enter_volcano_2, minivault_29
Lair:3:   layout_hall_layers, elwin_shoals_entry_rocks,
          grunt_forest_large_clearings, lemuel_fruit_fields
Lair:4:   layout_roguey, dummy_spider_entry, st_stairs_3, grunt_megastairs_3,
          infiniplex_staircase_pool
Lair:5:   layout_regular_city, st_stairs_10, grunt_megastairs_2
Lair:6:   grunt_lair_end_beastmaster, layout_regular_city,
          minmay_slime_entry_oklob_open, uniq_nessos
Spider:1: layout_spider_delve
Spider:2: layout_spider_delve, uniq_frances, uniq_louise
Spider:3: layout_spider_delve
Spider:4: grunt_spider_rune_parallel
Orc:1:    layout_caves, basic_altar
Orc:2:    st_orc_ogre_mass, layout_caves, serial_shops, nicolae_shop_crystal,
          gammafunk_ghost_smash

Skill      XL: |  1  2  3  4  5  6  7  8  9 10 11 12 13 14 15 |
---------------+----------------------------------------------+-----
Necromancy     | 5 6 7 8 10 11 | 11.0
Spellcasting   | 3 4 5 6 8 |  8.7
Armour         | 1 3 4 6 7 8 |  8.0
Fighting       | 3 5 6 8 9 |  9.6
Long Blades    | 4 7 |  7.7
Axes           | 3 5 8 12 13 | 13.4
Shields        | 3 4 |  4.0
Poison Magic   | 3 5 6 |  6.0
Earth Magic    | 1 4 5 6 |  6.0
Evocations     | 4 8 10 | 10.0
Dodging        | 2 5 |  5.2
Conjurations   | 2 |  2.0
Stealth        | |  1.7

Action                   |  1- 3 |  4- 6 |  7- 9 | 10-12 | 13-15 || total
-------------------------+-------+-------+-------+-------+-------++-------
Melee: Unarmed           |     4 |       |       |       |       ||     4
       Club              |     2 |       |       |       |       ||     2
       Spear             |    28 |    34 |       |       |       ||    62
       Flail             |       |    33 |    17 |       |       ||    50
       Whip              |       |       |   154 |   168 |       ||   322
       Headbutt          |       |       |       |   111 |   158 ||   269
       War axe           |       |       |       |   394 |   774 ||  1168
Throw: Dart              |       |       |       |     5 |       ||     5
       Throwing net      |       |       |       |     2 |       ||     2
 Cast: Pain              |    71 |    97 |    77 |    20 |       ||   265
       Animate Skeleton  |    15 |    11 |     6 |     1 |       ||    33
       Vampiric Draining |       |     3 |     2 |    44 |    45 ||    94
       Animate Dead      |       |     4 |    11 |    32 |    46 ||    93
       Agony             |       |       |     2 |    14 |    15 ||    31
       Dispel Undead     |       |       |       |    10 |       ||    10
       Olgreb's Toxic Ra |       |       |       |     2 |    15 ||    17
       Borgnjor's Vile C |       |       |       |       |    75 ||    75
Invok: Receive Corpses   |       |       |       |     1 |       ||     1
Evoke: Wand              |       |       |       |     1 |    15 ||    16
  Use: Scroll            |       |     7 |     8 |     9 |     9 ||    33
       Potion            |       |       |       |     3 |     2 ||     5
 Stab: Distracted        |       |     1 |     1 |     2 |    10 ||    14
       Sleeping          |       |       |     1 |     4 |       ||     5
       Petrifying        |       |       |       |       |     1 ||     1
  Eat: Chunk             |     4 |     7 |    10 |    31 |    31 ||    83
       Ration            |       |     1 |     1 |     2 |    13 ||    17
Armor: Robe              |    15 |     7 |       |       |       ||    22
       Ring mail         |       |    15 |   142 |   368 |   498 ||  1023
Dodge: Dodged            |    41 |    43 |   105 |   396 |   675 ||  1260
Block: Buckler           |       |       |       |    70 |   268 ||   338

Table legend:
 A = Non-vault XP
 B = Vault XP
 C = Vault XP percentage of total XP
 D = Non-vault monster count
 E = Vault monster count
 F = Vault count percentage of total count
                 A         B        C        D         E       F
            +---------+---------+-------+---------+---------+-------
      Total |  101242 |   45363 |  30.9 |     625 |     194 |  23.7
            +---------+---------+-------+---------+---------+-------
        D:1 |      41 |       0 |   0.0 |      24 |       0 |   0.0
        D:2 |      67 |       0 |   0.0 |      28 |       0 |   0.0
        D:3 |     155 |       0 |   0.0 |      36 |       0 |   0.0
        D:4 |     279 |      21 |   7.0 |       7 |       1 |  12.5
        D:5 |     807 |     266 |  24.8 |      36 |       1 |   2.7
        D:6 |     739 |       0 |   0.0 |      22 |       0 |   0.0
        D:7 |     554 |       0 |   0.0 |      11 |       0 |   0.0
        D:8 |    1094 |       0 |   0.0 |      16 |       0 |   0.0
        D:9 |    2272 |    1266 |  35.8 |      32 |      18 |  36.0
       D:10 |    1802 |     775 |  30.1 |      14 |       2 |  12.5
       D:11 |    5949 |    2433 |  29.0 |      57 |      41 |  41.8
       D:12 |    3961 |     380 |   8.8 |      31 |       4 |  11.4
     Lair:1 |    3627 |    1774 |  32.8 |      16 |       2 |  11.1
     Lair:2 |    1690 |    4568 |  73.0 |       8 |      40 |  83.3
     Lair:3 |    1463 |    2171 |  59.7 |      10 |      20 |  66.7
     Lair:4 |    2353 |     590 |  20.0 |      11 |       3 |  21.4
     Lair:5 |    6311 |    1249 |  16.5 |      25 |       5 |  16.7
     Lair:6 |   12466 |   10021 |  44.6 |      41 |      20 |  32.8
   Spider:1 |   10743 |       0 |   0.0 |      25 |       0 |   0.0
   Spider:2 |   17519 |    3507 |  16.7 |      50 |       2 |   3.8
   Spider:3 |   13394 |     220 |   1.6 |      39 |       1 |   2.5
   Spider:4 |    7958 |     531 |   6.3 |      20 |       2 |   9.1
      Orc:1 |    3304 |       0 |   0.0 |      40 |       0 |   0.0
      Orc:2 |    2694 |   15591 |  85.3 |      26 |      32 |  55.2
            +---------+---------+-------+---------+---------+-------
